 Dungeon Crawl Stone Soup version 0.28.0-53-g5a82cb258f (webtiles) character file.

Game seed: 4900295591317360620

3 Nyth the Magician (level 1, 0/15 HPs)
             Began as a Djinni Air Elementalist on Aug 8, 2022.
             Slain by a quokka (4 damage)
             ... on level 1 of the Dungeon.
             The game lasted 00:01:40 (58 turns).

Nyth the Magician (Djinni Air Elementalist)           Turns: 58, Time: 00:01:42

Health: 0/15       AC:  2    Str:  7    XL:     1   Next: 55%
Gold:   10         EV: 12    Int: 16    God:
                   SH:  0    Dex: 13

rFire   + + .      SeeInvis .   (no weapon)
rCold   x . .      Faith    .   (no shield)
rNeg    . . .      Spirit   .   a - +0 robe
rPois   ∞          Reflect  .   (no helmet)
rElec   .          Harm     .   (no cloak)
rCorr   .          Rampage  .   (no gloves)
Will    .....                   (boots unavailable)
Stlth   ++........              (no amulet)
HPRegen 0.05/turn               (no ring)
MPRegen 0.00/turn               (no ring)

@: flying
A: sickness immunity, fire resistance 2, cold vulnerability 1, float, innate
caster, HP casting, extra vitality 1
a: no special abilities


You were on level 1 of the Dungeon.
You visited 1 branch of the dungeon, and saw 1 of its levels.

You collected 10 gold pieces.

Inventory:

Armour
 a - a +0 robe (worn)
Potions
 b - a potion of degeneration {unknown}


   Skills:
 + Level 2.2 Dodging
 + Level 1.6 Stealth
 + Level 2.5 Spellcasting


You couldn't memorise any spells.
You knew the following spells:

 Your Spells              Type           Power      Damage    Failure   Level
a - Shock                 Conj/Air       40%        1d5       7%          1
b - Static Discharge      Conj/Air       10%        N/A       11%         2
c - Swiftness             Air            10%        N/A       21%         3
d - Airstrike             Air            5%         N/A       56%         4
Your spell library was empty.

Dungeon Overview and Level Annotations

Branches:
Dungeon (1/15)

Altars:


Innate Abilities, Weirdness & Mutations

You are immune to sickness and miasma.
You are immune to poison.
Your flesh is very heat resistant. (rF++)
You are vulnerable to cold. (rC-)
You float through the air rather than walking.
You learn spells naturally, not from books.
Your magical power is your life essence.
You have superior vitality. (+4 MHP)


Message History

The zap hits the endoplasm.
The endoplasm is almost dead.
The zap hits the endoplasm.
You kill the endoplasm!
The bat barely misses you. The quokka barely misses you. The bat misses you.
The zap misses the bat.
The zap hits the jackal.
The jackal is moderately wounded.
The bat closely misses you. The bat barely misses you.
The quokka closely misses you. x2
The zap hits the bat.
You kill the bat!
The zap hits the jackal.
The jackal is heavily wounded.
The quokka bites you.
You are too injured to fight recklessly!
You are too injured to fight recklessly!
You hit the jackal but do no damage.
The jackal is heavily wounded.
The jackal closely misses you. The quokka misses you.
The jackal bites you but does no damage.
There are monsters nearby!
Casting: Shock (safe; 7% risk of failure)
Confirm with . or Enter, or press ? or * to list all spells.
You don't know that spell.
Casting: Shock (safe; 7% risk of failure)
Confirm with . or Enter, or press ? or * to list all spells.
You don't know that spell.
Casting: Shock (safe; 7% risk of failure)
Confirm with . or Enter, or press ? or * to list all spells.
You don't know that spell.
Casting: Shock (safe; 7% risk of failure)
Confirm with . or Enter, or press ? or * to list all spells.
You don't know that spell.
You hit the jackal but do no damage.
The jackal is heavily wounded.
A jackal comes into view.
The jackal bites you.
* * * LOW HITPOINT WARNING * * *
The quokka bites you.
You die...

###### >.
...... ..
####### .##
....... ..##
.##.### ...#
# ...
#####h##.#.#
......h@...#
.####.##r..#
.. .......
... #.###..
### .. . ###


You could see a quokka and 2 jackals.

Vanquished Creatures
  An endoplasm (D:1)
  A jackal (D:1)
  A bat (D:1)
3 creatures vanquished.

Notes
Turn   | Place    | Note
-------+----------+-------------------------------------------
     0 | D:1      | Nyth the Djinni Air Elementalist began the quest for the
                  | Orb.
     0 | D:1      | Reached XP level 1. HP: 15/15 MP: 0/0
    58 | D:1      | Slain by a quokka

Illustrated notes

Levels and vault maps discovered:
D:1:      dpeg_arrival_stone_temple_mockup, layout_loops_ring,
          ebering_ecumenical_altar_sacrificial

Action                   || total
-------------------------++-------
Melee: Unarmed           ||     2
 Cast: Shock             ||     6
Armor: Robe              ||     2
Dodge: Dodged            ||    13
